 Dungeon Crawl Stone Soup version 0.23.2-1-ga50397a (webtiles) character file.

Game seed: 4100642554569195853

9589 eccles the Thaumaturge (level 11, -1/57 HPs)
             Began as a Deep Elf Conjurer on Apr 15, 2019.
             Was a High Priest of Vehumet.
             Killed by divine providence
             ... invoked by a meliai
              (10 damage)
             ... on level 11 of the Dungeon on Apr 23, 2019.
             The game lasted 01:37:28 (11483 turns).

eccles the Thaumaturge (Deep Elf Conjurer)         Turns: 11483, Time: 01:37:31

Health: -1/57      AC: 10    Str:  8    XL:     11   Next: 25%
Magic:  20/31      EV: 14    Int: 23    God:    Vehumet [*****.]
Gold:   752        SH:  0    Dex: 15    Spells: 10/38 levels left

rFire    x . .     SeeInvis .   D - staff of conjuration
rCold    + . .     Gourm    .   (no shield)
rNeg     . . .     Faith    .   K - +0 troll leather armour
rPois    +         Spirit   .   (no helmet)
rElec    .         Reflect  .   g - +2 cloak {rPois}
rCorr    .         Harm     .   n - +2 pair of gloves
MR       +....                  (no boots)
Stlth    ++........             (no amulet)
HPRegen  0.59/turn              u - +2 ring of strength
MPRegen  0.22/turn              J - ring of ice

@: no status effects
A: no striking features
a: Renounce Religion


You were on level 11 of the Dungeon.
You worshipped Vehumet.
Vehumet was extremely pleased with you.
You were not hungry.

You visited 1 branch of the dungeon, and saw 11 of its levels.
You also visited: Ossuary.

You collected 752 gold pieces.

Inventory:

Hand Weapons
 m - a +0 short sword
 v - a +0 spear
Missiles
 y - 14 tomahawks (quivered)
Armour
 a - a +0 robe
 b - a scarf of cloud immunity
 g - a +2 cloak of poison resistance (worn)
 k - a +0 cloak
 n - a +2 pair of gloves (worn)
 p - a +0 leather armour
 F - the -2 pair of boots "Hoetzi" {rElec}
   (You found it on level 6 of the Dungeon)

   It insulates you from electricity.
 K - a +0 troll leather armour (worn)
Magical Staves
 d - an uncursed staff of wizardry
 D - an uncursed staff of conjuration (weapon)
Jewellery
 u - a +2 ring of strength (left hand)
 E - a -3 ring of protection
 H - a +3 ring of dexterity
 J - a ring of ice (right hand)
Wands
 L - a wand of iceblast (6)
 P - a wand of clouds (6)
Scrolls
 f - a scroll of magic mapping
 h - 3 scrolls of immolation
 i - 3 scrolls of noise
 l - 2 scrolls of teleportation
 o - 4 scrolls of amnesia
 q - 2 scrolls of enchant weapon
 t - 3 scrolls of fear {unknown}
 G - a scroll of blinking {unknown}
 I - 3 scrolls of remove curse
Potions
 e - a potion of resistance {unknown}
 j - 2 potions of agility {unknown}
 r - a potion of haste
 s - 7 potions of degeneration {unknown}
 w - 2 potions of brilliance {unknown}
 x - 2 potions of magic {unknown}
 z - 3 potions of lignification {unknown}
 A - 4 potions of curing
 B - a potion of ambrosia {unknown}
 C - a potion of cancellation {unknown}
 M - 2 potions of mutation {unknown}
 N - a potion of heal wounds {unknown}
 Q - 2 potions of flight {unknown}
Comestibles
 c - 8 rations


   Skills:
 + Level 2.0 Fighting
 + Level 2.2(3.3) Polearms
 - Level 5.0(5.4) Staves
 - Level 3.2 Armour
 + Level 5.4 Dodging
 + Level 4.2 Stealth
 - Level 14.1 Spellcasting
 - Level 11.2 Conjurations
 * Level 2.5 Ice Magic
 + Level 1.6 Air Magic


You had 10 spell levels left.
You knew the following spells:

 Your Spells              Type           Power        Failure   Level  Hunger
a - Magic Dart            Conj           ####         1%          1    None
b - Searing Ray           Conj           ######       1%          2    None
c - Dazzling Spray        Conj/Hex       ######       1%          3    None
d - Shock                 Conj/Air       ####         1%          1    None
e - Throw Frost           Conj/Ice       ######       1%          2    None
f - Iskenderun's Mystic   Conj           #######.     1%          4    None
g - Force Lance           Conj/Tloc      ######..     1%          4    None
h - Mephitic Cloud        Conj/Pois/Air  ######..     1%          3    None
i - Fulminant Prism       Conj/Hex       ######....   1%          4    None
j - Throw Icicle          Conj/Ice       #######.     1%          4    None

Your spell library contained the following spells:

 Spells                   Type           Power        Failure   Level  Hunger
 Confusing Touch          Hex            ###...       4%          1    None
 Animate Skeleton         Necr           N/A          5%          1    None
 Apportation              Tloc           ###...       5%          1    None
 Summon Small Mammal      Summ           ###.         5%          1    None


Dungeon Overview and Level Annotations

Branches:
Dungeon (11/15)            Temple (0/1) D:6            Lair (0/6) D:8
    Orc: D:9-12

Altars:
Ashenzari
Cheibriados
Fedhas
Gozag
Kikubaaqudgha
Vehumet
Zin
The Shining One


Message History

Press ? for a list of commands and other information.
There is a stone staircase leading down here.
You climb downwards.
The meliai mumbles some strange prayers to its god against you.
Something smites you!
A bullfrog comes into view.
The meliai calls down the wrath of its god upon you.
Something smites you!
The meliai calls down the wrath of its god upon you.
Something smites you!
* * * LOW HITPOINT WARNING * * *
There is a stone staircase leading up, spattered with blood here.
The meliai mumbles some strange prayers to its god against you.
Something smites you!
* * * LOW HITPOINT WARNING * * *
The meliai barely misses you.
The meliai stings you but does no damage.
The meliai calls down the wrath of its god upon you.
Something smites you!
You die...

.. ...........
. . #..........
#. ............
.#...(<......
>.#........#
#..........
##..†.......
#.yy@$......
.....Fy........
....#..........
... ##...†.....
. ##.=......
##.......
#######


You could see 3 meliai and a bullfrog.

Vanquished Creatures
  2 two-headed ogres (D:10)
  Erica (D:10)
  A troll (D:8)
  A hornet (D:10)
  4 hippogriffs
  6 spriggans (D:8)
  A wyvern (D:8)
  3 yaks (D:9)
  Menkaure (D:5)
  2 sky beasts (D:10)
  A black bear (D:8)
  3 orc warriors
  2 ice beasts
  7 ogres
  4 centaurs
  A crocodile (D:7)
  A big kobold (D:7)
  8 bullfrogs
  A gnoll sergeant (D:9)
  A water moccasin zombie (D:10)
  7 scorpions
  6 killer bees (D:8)
  3 wights (D:8)
  4 howler monkeys
  4 crimson imps
  A bullfrog zombie (D:6)
  A centaur zombie (D:7)
  A human zombie (D:6)
  2 jellies
  A quasit (D:10)
  3 orc priests
  8 hounds
  A centaur skeleton (D:6)
  5 orc wizards
  4 iguanas
  6 worker ants
  3 big kobold zombies (Ossuary)
  A hound skeleton (D:4)
  2 mummies (Ossuary)
  A howler monkey zombie (D:5)
  2 worker ant zombies
  4 gnolls (D:9)
  10 adders
  3 shadow imps
  4 adder zombies
  5 worms
  A dart slug (D:3)
  5 leopard geckos
  45 orcs
  A bat zombie (D:4)
  6 giant cockroaches
  10 goblins
  8 hobgoblins
  7 jackals
  20 kobolds
  2 quokkas
  2 ball pythons
  14 bats
  8 frilled lizards
  A goblin skeleton (D:9)
  3 goblin zombies
  14 hobgoblin zombies
  3 kobold skeletons (D:9)
  11 kobold zombies
  A leopard gecko zombie (D:8)
  3 orc skeletons (D:9)
  10 orc zombies (Ossuary)
  A quokka skeleton (D:6)
  A quokka zombie (D:6)
  9 rats
  4 rat zombies
333 creatures vanquished.

Vanquished Creatures (others)
  3 fungi (D:7)
3 creatures vanquished.

Grand Total: 336 creatures vanquished

Notes
Turn   | Place    | Note
-------+----------+-------------------------------------------
     0 | D:1      | eccles the Deep Elf Conjurer began the quest for the Orb.
     0 | D:1      | Reached XP level 1. HP: 10/10 MP: 6/6
   112 | D:1      | Reached XP level 2. HP: 15/15 MP: 5/8
   306 | D:1      | You fall through a shaft!
   317 | D:2      | Reached skill level 5 in Conjurations
   476 | D:2      | Reached XP level 3. HP: 19/19 MP: 0/10
   492 | D:2      | Found a shattered altar of Ashenzari.
   492 | D:2      | Found a glowing silver altar of Zin.
   493 | D:2      | Found a radiant altar of Vehumet.
   524 | D:2      | Became a worshipper of Vehumet
   529 | D:2      | Learned a level 2 spell: Searing Ray
   533 | D:2      | Learned a level 3 spell: Dazzling Spray
   728 | D:2      | Found a snail-covered altar of Cheibriados.
  1654 | D:1      | Reached XP level 4. HP: 24/24 MP: 9/11
  1894 | D:3      | Reached skill level 4 in Spellcasting
  1921 | D:3      | Reached * piety under Vehumet
  1921 | D:3      | Offered knowledge of Shock by Vehumet.
  1932 | D:3      | Learned a level 1 spell: Shock
  2389 | D:3      | Reached XP level 5. HP: 28/28 MP: 5/14
  2515 | D:4      | Noticed an ogre
  2523 | D:4      | Reached skill level 5 in Spellcasting
  2544 | D:3      | Killed an ogre
  2544 | D:3      | Reached skill level 1 in Armour
  2544 | D:3      | Reached XP level 6. HP: 24/33 MP: 5/16
  2911 | D:4      | Reached ** piety under Vehumet
  2911 | D:4      | Offered knowledge of Throw Frost by Vehumet.
  2977 | D:4      | Reached skill level 1 in Polearms
  3384 | D:4      | Found an ancient bone altar of Kikubaaqudgha.
  3439 | D:4      | Reached skill level 6 in Spellcasting
  3672 | D:5      | Entered Level 5 of the Dungeon
  3968 | D:5      | Learned a level 2 spell: Throw Frost
  3973 | D:5      | Learned a level 4 spell: Iskenderun's Mystic Blast
  4343 | D:5      | Noticed Menkaure
  4664 | D:5      | Killed Menkaure
  4664 | D:5      | Reached XP level 7. HP: 21/37 MP: 13/19
  4896 | D:5      | Reached skill level 7 in Spellcasting
  5213 | D:6      | Found a sand-covered staircase.
  5274 | D:6      | Offered knowledge of Ignite Poison by Vehumet.
  5274 | D:6      | Reached skill level 1 in Fighting
  5348 | Ossuary  | Entered an ossuary
  5457 | Ossuary  | Reached *** piety under Vehumet
  5639 | Ossuary  | Offered knowledge of Mephitic Cloud by Vehumet.
  6048 | D:6      | Reached XP level 8. HP: 37/43 MP: 21/21
  6057 | D:6      | Learned a level 4 spell: Force Lance
  6061 | D:6      | Learned a level 3 spell: Mephitic Cloud
  6102 | D:6      | Reached skill level 8 in Spellcasting
  6154 | D:6      | Found a staircase to the Ecumenical Temple.
  6374 | D:6      | Reached **** piety under Vehumet
  6438 | D:6      | Got a pair of fine boots
  6621 | D:7      | Reached skill level 1 in Staves
  6637 | D:7      | Reached skill level 9 in Spellcasting
  6640 | D:7      | Offered knowledge of Venom Bolt by Vehumet.
  7116 | D:7      | Identified the cursed -2 pair of boots "Hoetzi" {rElec}
                  | (You found it on level 6 of the Dungeon)
  7447 | D:7      | Noticed a hippogriff
  7458 | D:7      | Killed a hippogriff
  7458 | D:7      | Reached XP level 9. HP: 31/47 MP: 15/24
  7529 | D:7      | Reached skill level 10 in Spellcasting
  8103 | D:8      | Reached skill level 1 in Air Magic
  8274 | D:8      | Noticed a troll
  8405 | D:8      | Killed a troll
  8489 | D:8      | Found a staircase to the Lair.
  8584 | D:8      | Reached skill level 11 in Spellcasting
  8587 | D:8      | Reached ***** piety under Vehumet
  8596 | D:8      | Offered knowledge of Bolt of Cold by Vehumet.
  8838 | D:8      | Reached XP level 10. HP: 53/53 MP: 1/27
  8885 | D:8      | Reached skill level 12 in Spellcasting
  9073 | D:8      | Found an opulent altar of Gozag.
  9087 | D:8      | Learned a level 4 spell: Fulminant Prism
  9475 | D:8      | Reached skill level 10 in Conjurations
  9875 | D:9      | Reached skill level 13 in Spellcasting
 10032 | D:9      | Found a glowing golden altar of the Shining One.
 10202 | D:10     | Entered Level 10 of the Dungeon
 10260 | D:10     | Noticed a two-headed ogre
 10265 | D:10     | Killed a two-headed ogre
 10359 | D:10     | Found a blossoming altar of Fedhas.
 10378 | D:10     | Offered knowledge of Throw Icicle by Vehumet.
 10442 | D:10     | Learned a level 4 spell: Throw Icicle
 10488 | D:10     | Noticed Erica
 10493 | D:10     | Killed Erica
 10493 | D:10     | Reached skill level 14 in Spellcasting
 10493 | D:10     | Reached XP level 11. HP: 56/57 MP: 8/31
 11022 | D:10     | Noticed a two-headed ogre
 11025 | D:10     | Killed a two-headed ogre
 11025 | D:10     | Reached skill level 5 in Staves
 11025 | D:10     | Reached skill level 1 in Ice Magic
 11083 | D:10     | Reached skill level 5 in Dodging
 11483 | D:11     | Killed from afar by a meliai

Skill      XL: |  1  2  3  4  5  6  7  8  9 10 11 |
---------------+----------------------------------+-----
Conjurations   | 5 6 7 8 9 11 | 11.2
Spellcasting   | 4 5 6 7 9 11 14 | 14.1
Armour         | 1 2 3 |  3.2
Polearms       | 1 2 |  2.2
Dodging        | 3 4 5 |  5.4
Fighting       | 1 2 |  2.0
Stealth        | 3 4 |  4.2
Staves         | 2 4 5 |  5.0
Air Magic      | 1 |  1.6
Ice Magic      | 2 |  2.5

Action                   |  1- 3 |  4- 6 |  7- 9 | 10-12 || total
-------------------------+-------+-------+-------+-------++-------
Melee: Unarmed           |    10 |       |       |       ||    10
       Short sword       |     9 |       |       |       ||     9
       Spear             |       |    71 |    29 |       ||   100
       Staff             |       |       |    38 |    24 ||    62
 Cast: Magic Dart        |    84 |   139 |   291 |   153 ||   667
       Shock             |       |    20 |     7 |    16 ||    43
       Dazzling Spray    |       |     4 |       |       ||     4
       Searing Ray       |       |     8 |    28 |    25 ||    61
       Throw Frost       |       |     2 |    12 |     6 ||    20
       Iskenderun's Myst |       |       |     8 |     3 ||    11
       Force Lance       |       |       |     2 |     2 ||     4
       Throw Icicle      |       |       |       |    25 ||    25
  Use: Scroll            |       |     6 |     5 |     2 ||    13
       Potion            |       |     3 |     1 |       ||     4
  Eat: Chunk             |     2 |     7 |     5 |     8 ||    22
       Ration            |       |     1 |     2 |       ||     3
Armor: Robe              |     7 |       |       |       ||     7
       Leather armour    |     3 |    53 |    83 |       ||   139
       Troll leather arm |       |       |    12 |    51 ||    63
Dodge: Dodged            |    23 |    62 |   200 |    91 ||   376
